 Dungeon Crawl Stone Soup version 0.17-a0-1997-ga88ed7d (webtiles) character file.

132 Ordine the Skirmisher (level 5, -5/38 HPs)
             Began as an Octopode Fighter on Oct 8, 2015.
             Was a Follower of Dithmenos.
             Slain by Ordine's ghost (14 damage)
             ... on level 3 of the Dungeon.
             The game lasted 00:07:16 (2222 turns).

Ordine the Skirmisher (Octopode Fighter)            Turns: 2222, Time: 00:07:16

Health: -5/38      AC:  1    Str: 21    XL:     5   Next: 15%
Magic:  5/5        EV: 10    Int: 10    God:    Dithmenos [*.....]
Gold:   110        SH:  9    Dex: 12    Spells: 0 memorised, 4 levels left

rFire  . . .     SeeInvis .     a - +0 long sword
rCold  . . .     Clarity  .     b - +0 shield
rNeg   . . .     SustAt   .     (helmet restricted)
rPois  .         Gourm    .     (no amulet)
rElec  .         Spirit   .     o - ring of teleportation (curse)
rCorr  .         Warding  .     (no ring)
rMut   .         Rnd*Tele +     (no ring)
MR     .....                    (no ring)
Stlth  +++.......               (no ring)
                                (no ring)
                                (no ring)
                                (no ring)

@: mighty, wreathed by umbra, not resistant to hostile enchantments, fairly
stealthy
A: almost no armour, amphibious, 8 rings, constrict 8, camouflage 1, gelatinous
body 1, MP-powered wands
a: Renounce Religion, Evoke Teleportation


You were on level 3 of the Dungeon.
You worshipped Dithmenos.
Dithmenos was aware of your devotion.
You were very hungry.

You visited 1 branch of the dungeon, and saw 3 of its levels.

You collected 110 gold pieces.

Inventory:

Hand Weapons
 a - a +0 long sword (weapon)
Missiles
 m - 18 tomahawks (quivered)
 n - 17 stones
Armour
 b - a +0 shield (worn)
Jewellery
 o - a cursed ring of teleportation (left tentacle)
Wands
 t - a wand of digging (18)
Scrolls
 h - 2 scrolls of fog
Potions
 e - a potion of curing
 f - a potion of heal wounds {unknown}
 g - a potion of magic {unknown}
 i - a potion of resistance {unknown}
 j - a potion of agility
 k - a potion of degeneration {unknown}
 l - 2 potions of brilliance {unknown}
 q - a potion of lignification {unknown}
 s - 2 potions of ambrosia {unknown}
Miscellaneous
 u - a plain deck of changes {drawn: 7}
Comestibles
 d - a bread ration
 p - a beef jerky
 r - a meat ration


   Skills:
 + Level 4.3 Fighting
 + Level 4.0 Long Blades
 - Level 3.0 Dodging
 - Level 3.0 Shields


You had 4 spell levels left.
You didn't know any spells.

Dungeon Overview and Level Annotations

Branches:
Dungeon (3/15)

Altars:
Dithmenos

Annotations:
D:3 Ordine's ghost, amateur OpFi


Innate Abilities, Weirdness & Mutations

You cannot wear most types of armour.
You are amphibious.
You can wear up to eight rings at the same time.
You can use your tentacles to constrict eight enemies at once.
Your skin changes colour to match your surroundings (Stealth).
Your rubbery body absorbs attacks (AC +1).
You expend magic power (3 MP) to strengthen your wands.


Message History

Dithmenos accepts your kill.
Your skin feels tender.
You block the bat's attack. The jackal barely misses you.
The bat barely misses you.
You slash the jackal!
You kill the jackal!
Dithmenos accepts your kill. The bat closely misses you. The bat hits you.
The jackal closely misses you.
You slash the jackal!
You kill the jackal!
Dithmenos accepts your kill. You block the bat's attack.
You slash Ordine's ghost! Your squeeze misses Ordine's ghost.
Ordine's ghost is moderately damaged.
You block the bat's attack. Ordine's ghost hits you! Ordine's ghost hits you!
* * * LOW HITPOINT WARNING * * *
You slash Ordine's ghost!
Ordine's ghost is severely damaged.
You block the bat's attack. Ordine's ghost hits you!
You die...

#............
#!...........
#...........
#........... *
#....h...# *
#.#..<..##
#.##...## #
#.....####b<#.#
#....hW@....$.#
#.########..###
... # * ###


You could see Ordine's ghost, a jackal and a bat.

Vanquished Creatures
  Natasha (twice) (D:2)
  Robin (D:2)
  3 adders
  An ooze (D:1)
  2 giant geckos
  A giant cockroach (D:2)
  8 hobgoblins
  10 jackals
  4 kobolds (D:1)
  7 bats
  A giant newt (D:1)
  12 goblins
  7 rats
59 creatures vanquished.

Notes
Turn   | Place    | Note
--------------------------------------------------------------
     0 | D:1      | Ordine the Octopode Fighter began the quest for the Orb.
     0 | D:1      | Reached XP level 1. HP: 16/16 MP: 1/1
   182 | D:1      | Reached XP level 2. HP: 18/21 MP: 2/2
   669 | D:1      | Reached XP level 3. HP: 26/26 MP: 3/3
  1011 | D:2      | Found a shadowy altar of Dithmenos.
  1021 | D:2      | Became a worshipper of Dithmenos the Shadowed
  1163 | D:2      | Noticed Natasha
  1190 | D:2      | Killed Natasha
  1190 | D:2      | Reached skill level 4 in Fighting
  1190 | D:2      | Reached XP level 4. HP: 14/33 MP: 4/4
  1547 | D:2      | Noticed Robin
  1569 | D:2      | HP: 1/33 [Robin/short sword (6)]
  1570 | D:2      | Killed Robin
  1695 | D:2      | Noticed Natasha
  1702 | D:2      | Killed Natasha
  1702 | D:2      | Reached XP level 5. HP: 3/37 MP: 5/5
  2203 | D:3      | Noticed Ordine's ghost (amateur OpFi)
  2207 | D:3      | Gained mutation: Your body sometimes deteriorates upon taking damage. [helix card]
  2210 | D:3      | Lost mutation: Your body sometimes deteriorates upon taking damage. [helix card]
  2210 | D:3      | Gained mutation: You expend magic power (3 MP) to strengthen your wands. [helix card]
  2222 | D:3      | Slain by Ordine's ghost

Vault maps used:
D:1:      mrwooster_arrival_statue_2, minivault_11
D:2:      nicolae_dithmenos_shadow_blocks, amalloy_card_club, uniq_robin,
          uniq_natasha
D:3:      cheibriados_altar_wand_db, minmay_statues_item

Action                   |  1- 3 |  4- 6 || total
-------------------------+-------+-------++-------
Melee: Long sword        |    70 |    45 ||   115
Throw: Tomahawk          |     1 |       ||     1
Evoke: Deck              |       |     7 ||     7
  Use: Scroll            |     4 |       ||     4
       Potion            |       |     3 ||     3
 Stab: Sleeping          |     3 |       ||     3
  Eat: Chunk             |     1 |     2 ||     3
